[Event "VII Famalicao Open 2019"]
[Site "Famalicao"]
[Date "2019.07.28"]
[Round "1.1"]
[White "Rabello, David Sousa"]
[Black "Grigoryan, Karen H."]
[Result "0-1"]
[ECO "B48"]
[WhiteElo "1828"]
[BlackElo "2549"]
[Annotator "RC"]
[PlyCount "44"]
[EventDate "2019.07.28"]
[EventType "swiss"]
[EventCountry "POR"]
[SourceTitle "playchess.com"]
[Source "ChessBase"]
[SourceQuality "1"]
[TimeControl "5400+30"]

1. e4 c5 2. Nf3 e6 3. d4 cxd4 4. Nxd4 Nc6 5. Nc3 Qc7 6. Be3 Nf6 7. Be2 a6 8. Qd2 Bb4 9. a3 Nxe4 10. Qd3 Bxc3+ 11. bxc3 Ne5 12. Qxe4 Qxc3+ 13. Bd2 Qxa1+ 14. Bd1 Nc4 15. Qd3 Nb2 16. Qf3 Nxd1 17. Qxd1 Qxd4 18. O-O d6 19. Qe2 Bd7 20. Be3 Qe5 21. Rb1 Bc6 22. Qd3 h5 0-1

[Event "VII Famalicao Open 2019"]
[Site "Famalicao"]
[Date "2019.07.28"]
[Round "1.3"]
[White "Carvalho, Vitor Hugo Pina Soar"]
[Black "Galego, Luis"]
[Result "0-1"]
[ECO "A05"]
[WhiteElo "1860"]
[BlackElo "2513"]
[Annotator "ChessBase"]
[PlyCount "52"]
[EventDate "2019.07.28"]
[EventType "swiss"]
[EventCountry "POR"]
[TimeControl "5400+30"]

1. Nf3 Nf6 2. g3 d6 3. d4 Nbd7 4. Bg2 e5 5. dxe5 dxe5 6. O-O Bc5 7. e3 O-O 8. b3 Qe7 9. Bb2 a5 10. a3 e4 11. Nfd2 Rd8 12. Nc3 Nb6 13. Na4 Nxa4 14. Bxf6 Qxf6 15. Nxe4 Qe7 16. Qh5 g6 17. Qh6 Nb6 18. Ng5 f6 19. Ne4 Bd6 20. Rad1 Bf5 21. Nxd6 Rxd6 22. e4 Bg4 23. Rde1 Nd7 24. Qh4 Ne5 25. f4 g5 26. fxg5 fxg5 0-1

[Event "VII Famalicao Open 2019"]
[Site "Famalicao"]
[Date "2019.07.29"]
[Round "2.1"]
[White "Grigoryan, Karen H."]
[Black "Fidalgo, Daniel Neves"]
[Result "1-0"]
[ECO "A00"]
[WhiteElo "2549"]
[BlackElo "2087"]
[Annotator "ChessBase"]
[PlyCount "139"]
[EventDate "2019.07.28"]
[EventType "swiss"]
[EventCountry "POR"]
[SourceTitle "playchess.com"]
[Source "ChessBase"]
[SourceQuality "1"]
[TimeControl "5400+30"]

1. g3 g6 2. Bg2 Bg7 3. e4 e5 4. Ne2 Ne7 5. d4 d6 6. dxe5 dxe5 7. Qxd8+ Kxd8 8. Na3 Be6 9. Bg5 c6 10. O-O-O+ Nd7 11. Rhf1 h6 12. Bd2 Kc7 13. Bb4 Nc8 14. f4 exf4 15. gxf4 Bg4 16. Bf3 Bxf3 17. Rxf3 a5 18. Rfd3 Rd8 19. Bc3 Bxc3 20. Rxc3 Nd6 21. e5 Ne4 22. Re3 Ndc5 23. Re1 b5 24. Nb1 Rd7 25. Ng3 Nxg3 26. hxg3 h5 27. Nd2 Rad8 28. Nf3 Ne6 29. Nh4 Ng7 30. R3e2 Rg8 31. Rg2 Ne6 32. Nf3 Rh8 33. b3 Rdd8 34. Kb2 Kb6 35. Ra1 Rd7 36. a4 Rhd8 37. Rgg1 b4 38. Raf1 Rd5 39. Re1 R8d7 40. Kc1 Nd4 41. Nd2 Kc7 42. Rg2 Nf5 43. Nc4 Rd8 44. Rgg1 Nd4 45. Rh1 Nf5 46. Reg1 Nh6 47. Rh2 Ng4 48. Re2 Re8 49. Rd2 f6 50. Re2 fxe5 51. fxe5 Re6 52. Rf1 Kd8 53. Rd1 Ke7 54. Rde1 Nh6 55. Kb2 Nf5 56. Rg1 Nh6 57. c3 Ng4 58. Rge1 Rd3 59. cxb4 axb4 60. a5 c5 61. Ra1 Ra6 62. Rg1 Ke6 63. Rf1 Rxg3 64. Rd1 Rf3 65. Rd6+ Rxd6 66. exd6+ Kd7 67. a6 Rf8 68. Re7+ Kc6 69. Rc7+ Kb5 70. d7 1-0

[Event "VII Famalicao Open 2019"]
[Site "Famalicao"]
[Date "2019.07.29"]
[Round "2.2"]
[White "Pintor, Simao Maciel Abranch"]
[Black "Martinez Duany, Lelys Stanley"]
[Result "0-1"]
[ECO "A07"]
[WhiteElo "2082"]
[BlackElo "2535"]
[Annotator "ChessBase"]
[PlyCount "114"]
[EventDate "2019.07.28"]
[EventType "swiss"]
[EventCountry "POR"]
[SourceTitle "playchess.com"]
[Source "ChessBase"]
[SourceQuality "1"]
[TimeControl "5400+30"]

1. Nf3 Nf6 2. g3 d5 3. Bg2 c6 4. O-O Bg4 5. d4 Nbd7 6. b3 e6 7. Bb2 h5 8. Ne5 h4 9. Nd2 hxg3 10. Nxg4 Nxg4 11. hxg3 Qg5 12. e4 Qh5 13. Re1 Ndf6 14. exd5 cxd5 15. Qe2 a6 16. c4 Bd6 17. cxd5 Nxd5 18. Ne4 Bb4 19. Rec1 O-O 20. Nc5 b6 21. Nd7 Rfd8 22. Ne5 Qh2+ 23. Kf1 Nxe5 24. Qxe5 Ra7 25. Rc6 Rad7 26. a3 Be7 27. Re1 Bf6 28. Qe2 a5 29. Qg4 Rd6 30. Rxd6 Rxd6 31. Bc1 Ne7 32. Rd1 Rd7 33. Bg5 Bxg5 34. Qxg5 Qh7 35. Qb5 Qc2 36. Bf3 Qc7 37. Kg2 Qd8 38. Be4 Nd5 39. Qd3 Nf6 40. Rh1 Rxd4 41. Bh7+ Kf8 42. Qf3 Qd5 43. Bb1 Ke7 44. Rc1 Kd7 45. Rc3 Rd2 46. Rd3 Rxd3 47. Bxd3 Kd6 48. Bc4 Qxf3+ 49. Kxf3 Kc5 50. a4 Kd4 51. g4 g5 52. Bb5 Kc3 53. Bc4 Ne8 54. Ke3 Nd6 55. f4 Nxc4+ 56. bxc4 gxf4+ 57. Kxf4 f6 0-1

[Event "VII Famalicao Open 2019"]
[Site "Famalicao"]
[Date "2019.07.29"]
[Round "2.3"]
[White "Galego, Luis"]
[Black "Fernandes, Joao Pedro Murtinho"]
[Result "1-0"]
[ECO "B30"]
[WhiteElo "2513"]
[BlackElo "2080"]
[Annotator "ChessBase"]
[PlyCount "65"]
[EventDate "2019.07.28"]
[EventType "swiss"]
[EventCountry "POR"]
[SourceTitle "playchess.com"]
[Source "ChessBase"]
[SourceQuality "1"]
[TimeControl "5400+30"]

1. e4 c5 2. Nf3 Nc6 3. Bb5 e6 4. Bxc6 bxc6 5. O-O d6 6. e5 Ne7 7. exd6 Ng6 8. d4 Bxd6 9. dxc5 Bxc5 10. Qxd8+ Kxd8 11. Ng5 Ke7 12. Ne4 Bb6 13. b3 Ba6 14. Ba3+ c5 15. Re1 Rac8 16. Nbc3 Ba5 17. Re3 Bb4 18. Bb2 Rhd8 19. Na4 Bd2 20. Nxd2 Rxd2 21. c4 Rcd8 22. Ree1 Nf4 23. Ba3 Nd3 24. Red1 Rxd1+ 25. Rxd1 Nb4 26. Rxd8 Kxd8 27. Nxc5 Nc2 28. Bb2 Bc8 29. Bxg7 Ke7 30. Bc3 f5 31. Kf1 Kd6 32. Nd3 Bb7 33. Ke2 {[%emt 0:00:31] Kd5} 1-0

[Event "VII Famalicao Open 2019"]
[Site "Famalicao"]
[Date "2019.07.29"]
[Round "2.4"]
[White "Novais, Carlos Joao Fernande"]
[Black "Spraggett, Kevin"]
[Result "0-1"]
[ECO "A45"]
[WhiteElo "2077"]
[BlackElo "2511"]
[Annotator "ChessBase"]
[PlyCount "38"]
[EventDate "2019.07.28"]
[EventType "swiss"]
[EventCountry "POR"]
[SourceTitle "playchess.com"]
[Source "ChessBase"]
[SourceQuality "1"]
[TimeControl "5400+30"]

1. d4 Nf6 2. Bg5 Ne4 3. Bf4 Nc6 4. f3 e5 5. dxe5 g5 6. Be3 Nc5 7. Qd2 Rg8 8. Nh3 Ne6 9. Nc3 Nxe5 10. b3 Bb4 11. a3 Ba5 12. Bd4 Nxd4 13. Qxd4 d6 14. e3 Bxh3 15. Qa4+ c6 16. b4 Bb6 17. gxh3 Nxf3+ 18. Kf2 Ne5 19. Nd5 Kf8 0-1

[Event "VII Famalicao Open 2019"]
[Site "Famalicao"]
[Date "2019.07.29"]
[Round "2.5"]
[White "Petkov, Vladimir"]
[Black "Romano, Joao"]
[Result "1-0"]
[ECO "D30"]
[WhiteElo "2497"]
[BlackElo "2053"]
[Annotator "ChessBase"]
[PlyCount "67"]
[EventDate "2019.07.28"]
[EventType "swiss"]
[EventCountry "POR"]
[SourceTitle "playchess.com"]
[Source "ChessBase"]
[SourceQuality "1"]
[TimeControl "5400+30"]

1. d4 d5 2. c4 e6 3. Nf3 a6 4. cxd5 exd5 5. Nc3 h6 6. Qb3 Nf6 7. Bf4 Ra7 8. e4 Be6 9. e5 Ne4 10. Bd3 Nc6 11. a3 Be7 12. Be3 Nxc3 13. Qxc3 Qd7 14. Qc2 O-O 15. Ng1 Na5 16. Ne2 Raa8 17. f4 f5 18. O-O Rac8 19. Rad1 Nc4 20. Bf2 b5 21. h3 a5 22. Kh2 b4 23. axb4 axb4 24. b3 Na3 25. Qd2 Nb5 26. Rc1 Ra8 27. Bxb5 Qxb5 28. Rxc7 Rfe8 29. Rfc1 Rac8 30. Ng1 Rxc7 31. Rxc7 Bc8 32. Qc2 Be6 33. Nf3 Bf8 34. Nh4 1-0

[Event "VII Famalicao Open 2019"]
[Site "Famalicao"]
[Date "2019.07.29"]
[Round "2.6"]
[White "Fernandes, Ricardo Paulos"]
[Black "Damaso, Rui"]
[Result "0-1"]
[ECO "B59"]
[WhiteElo "2007"]
[BlackElo "2425"]
[Annotator "NA"]
[PlyCount "66"]
[EventDate "2019.07.28"]
[EventType "swiss"]
[EventCountry "POR"]
[SourceTitle "playchess.com"]
[Source "ChessBase"]
[SourceQuality "1"]
[TimeControl "5400+30"]

1. e4 c5 2. Nf3 d6 3. d4 cxd4 4. Nxd4 Nf6 5. Nc3 Nc6 6. Be2 e5 7. Nb3 Be7 8. O-O O-O 9. Be3 a5 10. a4 Nb4 11. f4 Be6 12. Nd2 d5 13. fxe5 d4 14. Bf4 dxc3 15. bxc3 Nfd5 16. exd5 Nxd5 17. Ne4 Nxf4 18. Rxf4 Qc7 19. Nd6 Rad8 20. Rd4 Qxc3 21. Kh1 Qc5 22. c3 Qxe5 23. Nxb7 Rc8 24. Rc1 Ba3 25. Rb1 Rxc3 26. Rb5 Qc7 27. Qf1 Bb4 28. Qf4 Rc1+ 29. Bf1 Qxf4 30. Rxf4 Bc4 31. Rbf5 Rxf1+ 32. Rxf1 Bxf1 33. Rxf1 Rb8 0-1

[Event "VII Famalicao Open 2019"]
[Site "Famalicao"]
[Date "2019.07.29"]
[Round "2.7"]
[White "Campora, Daniel H."]
[Black "Ribeiro, Bruno"]
[Result "1-0"]
[ECO "B50"]
[WhiteElo "2420"]
[BlackElo "2102"]
[Annotator "NA"]
[PlyCount "119"]
[EventDate "2019.07.28"]
[EventType "swiss"]
[EventCountry "POR"]
[SourceTitle "playchess.com"]
[Source "ChessBase"]
[SourceQuality "1"]
[TimeControl "5400+30"]

1. e4 c5 2. Nf3 d6 3. c3 Nf6 4. Bd3 Bg4 5. O-O Nc6 6. h3 Bh5 7. Re1 e6 8. Bf1 Be7 9. d3 O-O 10. Nbd2 a6 11. g4 Bg6 12. Nh4 d5 13. f4 dxe4 14. dxe4 Nd7 15. Nxg6 hxg6 16. Nf3 b5 17. Be3 c4 18. Qc2 Qc7 19. Qf2 Na5 20. e5 Nc5 21. Bd4 Nab7 22. Re3 Nd7 23. Rae1 Nbc5 24. Ng5 Nb6 25. Rf3 Nd5 26. Qh4 Bxg5 27. Qxg5 Rac8 28. Qh4 Qe7 29. Qf2 Rc7 30. g5 Rfc8 31. h4 Qe8 32. Rh3 Ne7 33. Bxc5 Rxc5 34. Bg2 R5c7 35. Be4 Qd7 36. h5 Rd8 37. h6 Qd2 38. hxg7 Qxf2+ 39. Kxf2 Kxg7 40. Reh1 Rcd7 41. Rh7+ Kf8 42. Rh8+ Ng8 43. Ke3 Rd2 44. R8h2 Rxh2 45. Rxh2 Ne7 46. Rh8+ Ng8 47. Ke2 Kg7 48. Rh1 Ne7 49. Ra1 Nd5 50. Bxd5 exd5 51. Ke3 Kf8 52. Kd4 Ke7 53. a4 Ke6 54. axb5 axb5 55. Ra6+ Ke7 56. Rb6 Rd7 57. Rxb5 Ke6 58. Rb6+ Ke7 59. Kc5 Rd8 60. Rd6 1-0

[Event "VII Famalicao Open 2019"]
[Site "Famalicao"]
[Date "2019.07.29"]
[Round "2.8"]
[White "Martins, Diogo Faria Oliveira"]
[Black "Cori T., Deysi"]
[Result "0-1"]
[ECO "B46"]
[WhiteElo "1984"]
[BlackElo "2405"]
[Annotator "NA"]
[PlyCount "106"]
[EventDate "2019.07.28"]
[EventType "swiss"]
[EventCountry "POR"]
[SourceTitle "playchess.com"]
[Source "ChessBase"]
[SourceQuality "1"]
[TimeControl "5400+30"]

1. e4 c5 2. Nf3 e6 3. d4 cxd4 4. Nxd4 Nc6 5. Nc3 a6 6. g3 Qc7 7. Bg2 Nf6 8. O-O h6 9. Re1 Nxd4 10. Qxd4 Bc5 11. Bf4 d6 12. Qd2 Ng4 13. Nd1 Ne5 14. Bxe5 dxe5 15. c4 O-O 16. Ne3 Bd7 17. b4 Bd4 18. Rab1 Rfd8 19. Rec1 Rac8 20. Qe1 Ba4 21. c5 Bxe3 22. Qxe3 Rd4 23. Bf1 Qc6 24. f3 Rcd8 25. Rb2 Bb5 26. Be2 Bxe2 27. Qxe2 Qa4 28. b5 axb5 29. Qxb5 Qa3 30. Qb3 Qa6 31. Qb5 Qa3 32. Qb3 Qa5 33. Qb5 Rd1+ 34. Rxd1 Rxd1+ 35. Kg2 Qc3 36. Qe2 Rc1 37. Qf2 h5 38. Kh3 g5 39. Qd2 Qxd2 40. Rxd2 Rxc5 41. Rb2 Ra5 42. Rxb7 Rxa2 43. Rb5 f6 44. Rb8+ Kf7 45. Rb7+ Kg6 46. Rb3 Rf2 47. Ra3 Rxf3 48. Rxf3 g4+ 49. Kg2 gxf3+ 50. Kxf3 f5 51. h4 fxe4+ 52. Kxe4 Kf6 53. g4 hxg4 0-1

[Event "VII Famalicao Open 2019"]
[Site "Famalicao"]
[Date "2019.07.29"]
[Round "2.9"]
[White "Vassallo Barroche, Mauricio"]
[Black "Da Silva, Tiago Henrique Amaro"]
[Result "1-0"]
[ECO "E65"]
[WhiteElo "2380"]
[BlackElo "2080"]
[Annotator "NA"]
[PlyCount "57"]
[EventDate "2019.07.28"]
[EventType "swiss"]
[EventCountry "POR"]
[SourceTitle "playchess.com"]
[Source "ChessBase"]
[SourceQuality "1"]
[TimeControl "5400+30"]

1. Nf3 Nf6 2. c4 c5 3. g3 g6 4. Bg2 Bg7 5. O-O O-O 6. d4 d6 7. Nc3 a6 8. b3 Qc7 9. Bb2 Nbd7 10. Rc1 Rb8 11. Qd2 b6 12. h3 e6 13. e4 e5 14. dxe5 dxe5 15. Rfd1 Bb7 16. Qe2 Rfd8 17. Nd5 Nxd5 18. cxd5 Qd6 19. h4 Re8 20. Nd2 b5 21. Ba3 Rbc8 22. Bh3 Re7 23. Qe3 Bf8 24. Rc2 Kg7 25. h5 Rc7 26. hxg6 hxg6 27. Nf3 f6 28. Ne1 b4 29. Bxb4 1-0

[Event "VII Famalicao Open 2019"]
[Site "Famalicao"]
[Date "2019.07.29"]
[Round "2.10"]
[White "Dumont, Andre"]
[Black "Fernandes, Antonio"]
[Result "0-1"]
[ECO "A05"]
[WhiteElo "1948"]
[BlackElo "2376"]
[Annotator "NA"]
[PlyCount "52"]
[EventDate "2019.07.28"]
[EventType "swiss"]
[EventCountry "POR"]
[SourceTitle "playchess.com"]
[Source "ChessBase"]
[SourceQuality "1"]
[TimeControl "5400+30"]

1. Nf3 Nf6 2. b3 g6 3. Bb2 Bg7 4. e3 O-O 5. Be2 c5 6. O-O b6 7. d4 Bb7 8. Ne5 cxd4 9. exd4 d6 10. Bf3 Qc7 11. Bxb7 Qxb7 12. Qf3 Qxf3 13. Nxf3 Nc6 14. Nbd2 Nb4 15. a3 Nxc2 16. Rac1 Rfc8 17. Nc4 b5 18. Rxc2 bxc4 19. bxc4 Rab8 20. Bc1 Rb3 21. Re1 Kf8 22. Ree2 Nd7 23. Re3 Rb1 24. Nd2 Rb6 25. c5 Bxd4 26. Rxe7 Kxe7 0-1

[Event "VII Famalicao Open 2019"]
[Site "Famalicao"]
[Date "2019.07.29"]
[Round "2.11"]
[White "Forgas Moreno, Yaniela"]
[Black "Gomes, Rui Pedro"]
[Result "1-0"]
[ECO "B14"]
[WhiteElo "2272"]
[BlackElo "1762"]
[Annotator "NA"]
[PlyCount "23"]
[EventDate "2019.07.28"]
[EventType "swiss"]
[EventCountry "POR"]
[SourceTitle "playchess.com"]
[Source "ChessBase"]
[SourceQuality "1"]
[TimeControl "5400+30"]

1. e4 c6 2. d4 d5 3. exd5 cxd5 4. c4 Nf6 5. Nc3 g6 6. cxd5 Bg7 7. Qb3 O-O 8. Nge2 b6 9. g3 Bb7 10. Bg2 Na6 11. O-O Nc7 12. d6 1-0

[Event "VII Famalicao Open 2019"]
[Site "Famalicao"]
[Date "2019.07.29"]
[Round "2.12"]
[White "Monteiro, Jose Macedo"]
[Black "Fidalgo, Andre Neves"]
[Result "0-1"]
[ECO "B24"]
[WhiteElo "1851"]
[BlackElo "2262"]
[Annotator "NA"]
[PlyCount "112"]
[EventDate "2019.07.28"]
[EventType "swiss"]
[EventCountry "POR"]
[SourceTitle "playchess.com"]
[Source "ChessBase"]
[SourceQuality "1"]
[TimeControl "5400+30"]

1. e4 c5 2. Nc3 Nc6 3. Bb5 Nd4 4. Nge2 Nxb5 5. Nxb5 a6 6. Nbc3 e6 7. d4 cxd4 8. Qxd4 Ne7 9. Be3 Nc6 10. Qd2 b5 11. O-O-O Be7 12. f4 Qa5 13. Nd4 b4 14. Nxc6 dxc6 15. Nb1 O-O 16. a3 c5 17. axb4 cxb4 18. Rhf1 Re8 19. Bd4 Bb7 20. Qe3 Bf8 21. g4 Qb5 22. h4 a5 23. h5 a4 24. h6 g6 25. g5 a3 26. bxa3 bxa3 27. Nc3 Qc4 28. Qd3 Ba6 29. Qxc4 Bxc4 30. Rfe1 Reb8 31. Kd2 Rd8 32. Ke3 a2 33. Ra1 Ra3 34. Bf6 Rc8 35. Kd2 Bb4 36. Re3 Ba6 37. f5 Bb7 38. fxe6 fxe6 39. Rd3 Bxe4 40. Rd7 Bxc3+ 41. Bxc3 Raxc3 42. Rg7+ Kh8 43. Rxa2 Rxc2+ 44. Rxc2 Bxc2 45. Re7 Bf5 46. Ke3 e5 47. Rxe5 Bd7 48. Rd5 Re8+ 49. Kd4 Re7 50. Rc5 Kg8 51. Kd5 Kf7 52. Kd6 Be8 53. Rc2 Rd7+ 54. Ke5 Ke7 55. Rc8 Rb7 56. Rc5 Rb5 0-1

[Event "VII Famalicao Open 2019"]
[Site "Famalicao"]
[Date "2019.07.29"]
[Round "2.13"]
[White "Rego, Pedro Filipe"]
[Black "De Souza Monteiro, Marcos Paulo"]
[Result "1-0"]
[ECO "A00"]
[WhiteElo "2249"]
[BlackElo "1953"]
[Annotator "NA"]
[PlyCount "47"]
[EventDate "2019.07.28"]
[EventType "swiss"]
[EventCountry "POR"]
[SourceTitle "playchess.com"]
[Source "ChessBase"]
[SourceQuality "1"]
[TimeControl "5400+30"]

1. g3 Nf6 2. c4 c5 3. Bg2 g6 4. Nc3 Bg7 5. e4 Nc6 6. Nge2 O-O 7. d3 d6 8. a3 a6 9. Rb1 Rb8 10. b4 cxb4 11. axb4 b5 12. cxb5 axb5 13. O-O Bg4 14. Be3 Bxe2 15. Qxe2 Ng4 16. Qxg4 Bxc3 17. Rfc1 Ne5 18. Qe2 Rc8 19. d4 Nd7 20. Qd3 Qc7 21. Rb3 Nb6 22. Qxb5 Qc4 23. Qxc4 Rxc4 24. Rcxc3 1-0

[Event "VII Famalicao Open 2019"]
[Site "Famalicao"]
[Date "2019.07.29"]
[Round "2.14"]
[White "Andrade, Ricardo Sarmento"]
[Black "Leonardo, Joao"]
[Result "0-1"]
[ECO "A41"]
[WhiteElo "1744"]
[BlackElo "2227"]
[Annotator "NA"]
[PlyCount "88"]
[EventDate "2019.07.28"]
[EventType "swiss"]
[EventCountry "POR"]
[SourceTitle "playchess.com"]
[Source "ChessBase"]
[SourceQuality "1"]
[TimeControl "5400+30"]

1. d4 d6 2. Nf3 Bg4 3. e4 Nf6 4. Nc3 Nc6 5. Be3 e5 6. d5 Nb8 7. Be2 Be7 8. Nd2 Bxe2 9. Qxe2 a6 10. O-O O-O 11. f4 exf4 12. Bxf4 Nbd7 13. Nc4 Re8 14. Rae1 Bf8 15. Qf3 Ne5 16. Nxe5 dxe5 17. Bg5 Be7 18. Bxf6 Bxf6 19. Nd1 Rf8 20. Ne3 Bg5 21. Nf5 g6 22. Ne3 Qe7 23. g3 h5 24. h4 Bh6 25. Kg2 Rad8 26. Qf6 Rfe8 27. Qxe7 Rxe7 28. d6 Rxd6 29. Nd5 Ree6 30. Nxc7 Rd2+ 31. Rf2 Rxf2+ 32. Kxf2 Rc6 33. Nd5 Rxc2+ 34. Re2 Rxe2+ 35. Kxe2 Kf8 36. Nf6 Bc1 37. b3 Ke7 38. Nd5+ Ke6 39. Kd3 f5 40. a4 f4 41. gxf4 Bxf4 42. Nxf4+ exf4 43. Ke2 Ke5 44. Kf3 a5 0-1

[Event "VII Famalicao Open 2019"]
[Site "Famalicao"]
[Date "2019.07.29"]
[Round "3.5"]
[White "Leonardo, Joao"]
[Black "Petkov, Vladimir"]
[Result "0-1"]
[ECO "A06"]
[WhiteElo "2227"]
[BlackElo "2497"]
[Annotator "RC"]
[PlyCount "80"]
[EventDate "2019.07.28"]
[EventType "swiss"]
[EventCountry "POR"]
[SourceTitle "playchess.com"]
[Source "ChessBase"]
[SourceQuality "1"]
[TimeControl "5400+30"]

1. d3 d5 2. Nf3 Bg4 3. Nbd2 Nc6 4. g3 e5 5. Bg2 Be7 6. e4 dxe4 7. dxe4 Qd7 8. h3 Be6 9. Qe2 O-O-O 10. a3 h5 11. h4 Nh6 12. O-O Ng4 13. Nc4 f6 14. c3 Qd3 15. Qxd3 Rxd3 16. Ne3 Nxe3 17. Bxe3 Rhd8 18. Rfe1 Bb3 19. Bf1 R3d6 20. Be2 b6 21. Rec1 Na5 22. c4 R6d7 23. c5 Kb7 24. Rc3 c6 25. cxb6 axb6 26. Rac1 b5 27. Ne1 g6 28. Rd3 Rxd3 29. Bxd3 Nc4 30. Bxc4 Bxc4 31. f3 g5 32. Ng2 Rd3 33. Kf2 Rb3 34. Rc2 c5 35. Ne1 Kc6 36. Bd2 Kd6 37. Bc3 Ke6 38. Ng2 Bd3 39. Rd2 c4 40. Ke1 Bxa3 0-1

[Event "VII Famalicao Open 2019"]
[Site "Famalicao"]
[Date "2019.07.29"]
[Round "3.9"]
[White "Santos, Jose Miguel Sereno"]
[Black "Vassallo Barroche, Mauricio"]
[Result "0-1"]
[ECO "B00"]
[WhiteElo "1702"]
[BlackElo "2380"]
[Annotator "RC"]
[PlyCount "128"]
[EventDate "2019.07.28"]
[EventType "swiss"]
[EventCountry "POR"]
[TimeControl "5400+30"]

1. e4 d6 2. d4 Nf6 3. Bd3 e5 4. c3 g6 5. Nf3 Nbd7 6. O-O Bg7 7. Re1 O-O 8. Nbd2 Nh5 9. Nf1 h6 10. Ng3 Nxg3 11. hxg3 Qe7 12. Bc4 Kh7 13. Nh4 Nb6 14. Bb3 Bf6 15. Nf3 Bg4 16. Ng5+ Bxg5 17. Qxg4 Bxc1 18. Raxc1 a5 19. f4 Kg7 20. f5 a4 21. Bc2 a3 22. bxa3 Nd7 23. Rf1 Nf6 24. Qf3 Rxa3 25. Bb3 g5 26. Rfe1 Ra5 27. g4 Qd8 28. Kh2 Qa8 29. Rc2 Qa7 30. Kg3 Re8 31. d5 Rh8 32. Rh1 Qc5 33. Re2 Ra3 34. Qe3 Qxe3+ 35. Rxe3 Nd7 36. Kf3 Nc5 37. c4 Nd7 38. Rc3 b6 39. Re3 Nf6 40. Ree1 Rha8 41. Re3 Nd7 42. Rc1 Nc5 43. Rb1 Rh8 44. Rh1 Ra5 45. Rc3 Nd7 46. Rc2 Nf6 47. Rcc1 Ra3 48. Rce1 Raa8 49. Rc1 Ra7 50. Rce1 Nd7 51. Rc1 Nc5 52. Rc3 Nxb3 53. axb3 Ra2 54. Rhc1 Rha8 55. R3c2 Rxc2 56. Rxc2 Ra1 57. g3 Rb1 58. Rc3 Rb2 59. Ke3 h5 60. Kf3 Kh6 61. gxh5 Kxh5 62. g4+ Kh4 63. Re3 Rh2 64. Re1 Rh3+ 0-1

[Event "VII Famalicao Open 2019"]
[Site "Famalicao"]
[Date "2019.07.29"]
[Round "3.11"]
[White "Gama, Joao Paulo Antunes D"]
[Black "Pinheiro, Albano"]
[Result "1/2-1/2"]
[ECO "B31"]
[WhiteElo "1819"]
[BlackElo "1989"]
[Annotator "NA RC"]
[PlyCount "76"]
[EventDate "2019.07.28"]
[EventType "swiss"]
[EventCountry "POR"]
[SourceTitle "playchess.com"]
[Source "ChessBase"]
[SourceQuality "1"]
[TimeControl "5400+30"]

1. e4 c5 2. Nf3 Nc6 3. Bb5 g6 4. O-O Bg7 5. Re1 e5 6. Bxc6 bxc6 7. c3 Ne7 8. d4 cxd4 9. cxd4 exd4 10. Nxd4 O-O 11. Nc3 Bb7 {[%emt 0:17:13] B31: Sicilian: 2...Nc6 3 Bb5 g6} (11... Rb8 12. Nb3 d5 13. Bg5 d4 14. Na4 h6 15. Bh4 Be6 16. Nac5 Bxb3 17. axb3 Rb5 18. Nd3 a5 19. Qc2 Re8 20. Bxe7 Rxe7 {1-0 (50) Maghsoodloo,P (2688)-Zvjaginsev,V (2642) St Petersburg 2018}) 12. e5 Re8 13. Bg5 h6 $146 ({Predecessor:} 13... d5 14. Na4 Qc7 15. Bf6 c5 16. Rc1 c4 17. Bxg7 Kxg7 18. Nb5 Qc6 19. Nd6 {1-0 (27) Kunal,M (2309)-Sheth,P (1640) Noida 2016}) 14. Bf6 Bxf6 15. exf6 Nd5 16. Rxe8+ Qxe8 17. Nxd5 cxd5 18. Qf3 ({White should play} 18. Qb3 $16 Qb8 19. Re1) 18... Qe5 19. Rd1 Rc8 20. h3 Rc4 21. Qb3 ({White should try} 21. Qe3 $1 $14 Qxf6 22. b3) 21... Rxd4 22. Rxd4 Qxd4 23. Qxb7 Qxf6 24. Qxd5 Qxb2 25. Qa8+ Kg7 26. Qxa7 d5 27. Qa5 Qc1+ 28. Kh2 Qf4+ 29. Kg1 Qc4 30. a4 d4 31. Qe5+ Kh7 $11 32. Qf4 Qd5 33. Qd2 d3 34. f3 Qd4+ 35. Kf1 Qa1+ 36. Kf2 Qd4+ 37. Kf1 Qa1+ 38. Kf2 Qd4+ 1/2-1/2

[Event "VII Famalicao Open 2019"]
[Site "Famalicao"]
[Date "2019.07.29"]
[Round "3.12"]
[White "Sarabando, Rodrigo Andias"]
[Black "Silva, Mariana Sofia T."]
[Result "0-1"]
[ECO "A58"]
[WhiteElo "1363"]
[BlackElo "1872"]
[Annotator "NA RC"]
[PlyCount "58"]
[EventDate "2019.07.28"]
[EventType "swiss"]
[EventCountry "POR"]
[SourceTitle "playchess.com"]
[Source "ChessBase"]
[SourceQuality "1"]
[TimeControl "5400+30"]

1. d4 Nf6 2. c4 c5 3. d5 b5 4. cxb5 a6 5. bxa6 d6 6. g3 Bxa6 7. Bg2 g6 8. e4 {[%emt 0:01:20] A58: Benko/Volga Gambit: Lines with 5 bxa6} (8. Nf3 Bg7 9. O-O Nbd7 10. Nc3 Nb6 11. Rb1 Bc4 12. Ne1 Nfd7 13. a3 O-O 14. Bd2 Nf6 15. Bc1 Nfd7 16. Bd2 Nf6 17. b3 Bxd5 18. Nxd5 Nfxd5 19. a4 {1-0 (59) Inarkiev,E (2674)-Khalifman,A (2638) Aix les Bains 2011}) 8... Nbd7 9. Ne2 Ne5 10. O-O Nd3 11. Qc2 $146 ({Predecessor:} 11. Nbc3 Nxc1 12. Qxc1 Bg7 13. Re1 O-O 14. f4 Nd7 15. Bf1 Qb6 {½-½ (67) Herraiz Hidalgo,H-Ruiz,J (2280) Spain 1992}) 11... Qb6 12. a3 (12. Nf4 $11 {keeps the balance.} Nxf4 13. Bxf4) 12... Bg7 13. Nbc3 O-O 14. Rd1 Nxc1 15. Raxc1 Rfb8 16. Rb1 Ng4 17. h3 Ne5 18. Kh2 (18. Nc1 $15) 18... Nc4 19. Bf1 Qb3 20. Rdc1 (20. Qxb3 $17 Rxb3 21. Na4) 20... Nxb2 21. Qxb3 Rxb3 22. Rc2 Bxe2 ({Less strong is} 22... Rxa3 23. Rcxb2 Bxc3 24. Nxc3 $17) (22... Rab8 $142 23. Nc1 Rxc3 24. Rxc3 Bxf1) 23. Nxe2 Raxa3 24. Nc1 Rb4 $19 25. Bg2 h5 26. h4 Nd3 27. Rxb4 Nxb4 28. Re2 c4 29. f4 Ra1 0-1

[Event "VII Famalicao Open 2019"]
[Site "Famalicao"]
[Date "2019.07.29"]
[Round "3.13"]
[White "Guimaraes, Alvaro"]
[Black "Carneiro, Gustavo"]
[Result "1-0"]
[ECO "A00"]
[WhiteElo "1796"]
[BlackElo "1310"]
[Annotator "NA RC"]
[PlyCount "153"]
[EventDate "2019.07.28"]
[EventType "swiss"]
[EventCountry "POR"]
[SourceTitle "playchess.com"]
[Source "ChessBase"]
[SourceQuality "1"]
[TimeControl "5400+30"]

1. g3 Nf6 2. Bg2 e6 3. e4 d5 4. e5 Nfd7 5. d4 c5 6. c3 cxd4 7. cxd4 Qa5+ 8. Nc3 Bb4 9. Bd2 Nc6 10. Nf3 a6 11. O-O O-O 12. Qc2 Be7 13. a3 Re8 14. h4 Nf8 15. Rfd1 b5 16. Nxd5 Qd8 17. Nxe7+ Nxe7 18. Bg5 Bb7 19. Ne1 Rc8 20. Qd2 Bxg2 21. Nxg2 Qd5 22. Nf4 Qb7 23. Nh5 Qf3 24. Nxg7 Kxg7 25. Bf6+ Kg8 26. Qg5+ Nfg6 27. h5 Rc2 28. Rf1 Nf5 29. hxg6 fxg6 30. b4 Re2 31. Qf4 Qxf4 32. gxf4 Nxd4 33. Rfd1 Nf5 34. Kg2 Ne3+ 35. Kf3 Nxd1 36. Kxe2 Nc3+ 37. Kf3 Nd5 38. Bg5 Rc8 39. Bh6 Rc3+ 40. Kg4 Kf7 41. a4 Nxb4 42. axb5 axb5 43. Ra7+ Kg8 44. Rg7+ Kh8 45. Rb7 Kg8 46. Rxb5 Nd3 47. Rb8+ Kf7 48. Rb7+ Kg8 49. Rg7+ Kh8 50. f3 Nf2+ 51. Kg3 Ne4+ 52. Kh4 Nf2 53. Rf7 Rc8 54. Kg5 Nd3 55. Kf6 Nc5 56. Bf8 h5 57. Kxg6 Kg8 58. Bxc5 Rxc5 59. Re7 Kf8 60. Rxe6 h4 61. Kg5 h3 62. Rh6 Rc7 63. Rxh3 Rg7+ 64. Kf5 Rf7+ 65. Ke4 Ke7 66. f5 Rf8 67. Rh7+ Ke8 68. Ra7 Rf7 69. Rxf7 Kxf7 70. e6+ Kf6 71. Kd5 Ke7 72. Ke5 Ke8 73. f6 Kf8 74. e7+ Kf7 75. Kd6 Ke8 76. f7+ Kxf7 77. Kd7 1-0